Map: Thunderbird LE

Players

MIRADUX

  • Race: Protoss Protoss
  • League: Diamond
  • Spawn Location: 11:00

Mez - Winner!

  • Race: Terran Terran
  • League: Diamond
  • Spawn Location: 5:00

VOD

Have the link to the VOD?

Description

Time

  • Played on: July 27, 2019, 10:28 p.m.
  • Length: 9:31
Show
View Real Time Build Order
Export as new Build Order

MIRADUX Protoss 

Build Orders: Colossus Rush 

Get SALT Encoding   

  12  0:09  Probe, Pylon  
  13  0:18  Probe  
  14  0:32  Gateway  
  14  0:35  Probe  
  15  0:47  Probe  
  15  0:48  Assimilator  
  16  0:57  Probe  
  16  0:59  Assimilator  
  17  1:05  Probe  
  18  1:13  Probe  
  19  1:25  Cybernetics Core, Probe  
  20  1:34  Pylon  
  20  1:38  Probe  
  21  1:50  Probe  
  22  1:54  Stalker  
  22  2:02  Probe  
  22  2:08  Warp Gate  
  25  2:21  Stalker  
  25  2:22  Nexus  
  27  2:33  Robotics Facility  
  27  2:51  Stalker  
  27  2:55  Probe  
  30  3:02  Pylon  
  30  3:07  Probe  
  31  3:20  Probe  
  31  3:21  Stalker  
  34  3:32  Probe  
  38  3:41  Immortal  
  38  3:47  Robotics Bay  
  38  3:48  Probe x2  
  40  4:00  Probe x2  
  42  4:12  Probe x2, Stargate  
  44  4:24  Probe x2  
  44  4:25  Assimilator  
  44  4:27  Assimilator  
  46  4:36  Probe x2  
  47  4:41  Colossus  
  53  4:48  Probe  
  54  4:55  Probe  
  40  5:07  Probe  
  40  5:08  Probe  
  39  5:20  Probe x2  
  39  5:28  Void Ray  
  39  5:32  Probe x2  
  45  5:40  Immortal  
  45  5:41  Probe x2  
  49  5:49  Probe x2  
  53  5:58  Probe  
  53  5:59  Fleet Beacon  
  54  6:13  Pylon  
  54  6:14  Pylon  
  54  6:17  Pylon  
  54  6:31  Probe x2, Observer  
  57  6:40  Carrier  
  57  6:41  Nexus  
  57  6:43  Probe x2  
  65  6:55  Probe x2  
  67  7:01  Pylon  
  67  7:04  Pylon  
  67  7:08  Probe x2  
  69  7:12  Colossus  
  69  7:13  Protoss Air Weapons Level 1  
  58  7:59  Probe x2  
  58  8:04  Probe  
  61  8:08  Colossus  
  61  8:10  Carrier  
  61  8:11  Probe x2  
  75  8:15  Gateway  
  75  8:16  Probe  
  75  8:17  Gateway  
  76  8:23  Probe x2  
  78  8:28  Probe  
  78  8:30  Gateway  
  79  8:34  Gateway  
  79  8:35  Probe x2  
  79  8:40  Probe  
  82  8:43  Pylon  
  82  8:47  Probe x2  
Show
View Real Time Build Order
Export as new Build Order

Mez Terran - Winner!

Build Orders: Reaper Expand 

Get SALT Encoding   

  12  0:02  SCV  
  14  0:14  SCV  
  14  0:17  Supply Depot  
  14  0:26  SCV  
  15  0:39  SCV  
  15  0:41  Barracks  
  16  0:46  Refinery  
  16  0:51  SCV  
  17  1:03  SCV  
  18  1:16  SCV  
  19  1:28  Orbital Command  
  19  1:30  Reaper  
  20  1:42  Command Center  
  20  1:52  Barracks  
  20  1:56  SCV  
  21  2:03  Barracks Reactor  
  21  2:08  Barracks  
  21  2:12  SCV  
  22  2:17  Supply Depot  
  22  2:24  SCV  
  23  2:39  Marine  
  23  2:40  Marine, Barracks Tech Lab  
  23  2:41  SCV  
  26  2:54  SCV  
  26  2:56  Orbital Command  
  26  2:57  Marine  
  28  2:59  Combat Shield  
  28  3:00  Marine x2  
  28  3:01  Marine  
  31  3:07  Engineering Bay  
  31  3:10  SCV  
  32  3:17  Marine  
  32  3:18  Marine x2  
  35  3:23  Marine  
  35  3:24  SCV x2  
  38  3:30  Supply Depot  
  38  3:36  SCV  
  38  3:37  SCV  
  38  3:41  Marine x4  
  44  3:50  SCV x2, Terran Infantry Weapons Level 1  
  46  3:59  Supply Depot  
  46  4:02  SCV x2  
  48  4:03  Marine x2  
  48  4:04  Marine  
  48  4:05  Marine  
  52  4:14  SCV x2  
  54  4:18  Factory  
  54  4:19  Refinery x2  
  54  4:25  Stimpack  
  54  4:31  Marine x2  
  54  4:35  Marine x2  
  54  4:37  SCV x2  
  59  4:49  SCV x2  
  59  4:50  Marine  
  62  4:56  Marine  
  57  5:10  Marine x3  
  57  5:11  SCV x2  
  60  5:15  Starport, Factory Reactor  
  56  5:27  Command Center  
  54  5:29  Barracks Tech Lab  
  54  5:30  Marine x2, Marauder  
  54  5:32  Barracks x2  
  54  5:35  Supply Depot  
  58  5:36  SCV x2, Supply Depot  
  60  5:48  Terran Infantry Armor Level 1  
  60  5:49  Concussive Shells  
  60  5:51  Marauder  
  60  5:56  Marine x3  
  65  5:59  SCV x2  
  67  6:04  Medivac x2  
  71  6:12  Supply Depot  
  71  6:13  Marauder  
  71  6:14  Marine x2, Supply Depot  
  71  6:15  Marauder  
  77  6:20  Barracks Reactor, Barracks Tech Lab  
  77  6:24  SCV  
  78  6:33  SCV  
  78  6:34  Armory  
  78  6:35  Engineering Bay  
  78  6:36  SCV  
  80  6:40  Orbital Command  
  80  6:44  Supply Depot  
  80  6:45  SCV, Marauder x2, Supply Depot  
  80  6:46  Marauder  
  87  6:48  SCV  
  87  6:49  Marine x2  
  87  6:53  Medivac  
  92  6:57  Refinery, SCV  
  92  6:58  Medivac  
  92  6:59  Marine x2  
  97  7:01  SCV  
  98  7:09  SCV  
  98  7:10  Marine x3, Marauder x2  
  98  7:13  SCV  
  107  7:18  Marine x2  
  107  7:20  SCV  
  107  7:21  SCV  
  111  7:28  Marine  
  111  7:29  Marauder  
  114  7:32  Marauder  
  105  7:48  Marine x3, Marauder  
  105  7:50  Marauder  
  108  7:53  Marauder  
  103  8:01  Medivac x2  
  103  8:02  SCV x2  
  109  8:06  Command Center  
  109  8:13  Barracks  
  109  8:14  Barracks  
  109  8:15  Marine x5, Barracks  
  114  8:26  Refinery  
  114  8:29  Marauder x2  
  114  8:31  Supply Depot  
  114  8:34  Supply Depot  
  122  9:03  Marine x3, Marauder x3, Barracks Tech Lab  
  122  9:04  Barracks Tech Lab  
  122  9:05  Barracks Tech Lab  
Tags
 
Add a new tag
Caveats
  • Supply blocks, unpowered buildings, or Contaminate may cause inaccurate times.
  • Supply counts are checked every 10 seconds.